 Dungeon Crawl Stone Soup version 0.31.0-11-ge490571c62 (webtiles) character file.

Game seed: 6795800192912714902

259 Zeor the Poker (level 6, -3/61 HPs)
             Began as an Oni Gladiator on Jan 27, 2024.
             Killed by divine providence
             ... invoked by an orc priest
              (13 damage)
             ... on level 4 of the Dungeon.
             The game lasted 00:10:11 (2701 turns).

Zeor the Poker (Oni Gladiator)                      Turns: 2701, Time: 00:10:11

Health: -3/61      AC:  5    Str: 19 (21) XL:     6   Next: 17%
Magic:  6/6        EV: 10    Int:  9      God:
Gold:   57         SH:  0    Dex:  9 (10) Spells: 5/5 levels left

rFire   . . .        a - +0 trident
rCold   + . .        (no shield)
rNeg    . . .        l - +1 robe of the Trombone {rElec rC+ Slay+3 Archmagi}
rPois   .            c - +0 hat
rElec   +            j - +0 cloak
rCorr   .            (gloves unavailable)
SInv    .            (boots unavailable)
Will    .....        m - amulet "Nysul" {Faith Rampage rElec Will- Stlth+}
Stlth   ++           (no ring)
HPRegen 0.30/turn    (no ring)
MPRegen 0.10/turn

%: rampage, faith, archmagi
@: confused
A: large, unfitting armour, horns 1, tough skin 1, double potion healing,
drunken brawling
a: no special abilities


You were on level 4 of the Dungeon.
You visited 1 branch of the dungeon, and saw 4 of its levels.

You collected 210 gold pieces.
You spent 153 gold pieces at shops.

Inventory:

Hand Weapons
 a - a +0 trident (weapon)
 e - a +0 dagger of venom
 k - the +9 sling of the People {freeze, Int+3}
   (You found it on level 3 of the Dungeon)

   Int+3:     It affects your intelligence (+3).
Missiles
 d - 3 throwing nets
 f - 8 boomerangs
 h - a large rock (quivered)
Armour
 c - a +0 hat (worn)
 j - a +0 cloak (worn)
 l - the +1 robe of the Trombone (worn) {rElec rC+ Slay+3 Archmagi}
   (You bought it in a shop on level 3 of the Dungeon)

   Slay+3:    It affects your accuracy & damage with ranged weapons and melee
   (+3).
   rC+:       It protects you from cold.
   rElec:     It insulates you from electricity.
   Archmagi:  It increases the power of your magical spells.
Jewellery
 m - the amulet "Nysul" (around neck) {Faith Rampage rElec Will- Stlth+}
   (You found it on level 3 of the Dungeon)

   [amulet of faith]

   Faith:     It allows you to gain divine favour quickly.
   rElec:     It insulates you from electricity.
   Will-:     It decreases your willpower.
   Rampage:   It bestows one free step when moving towards enemies.
   Stlth+:    It makes you more stealthy.
Scrolls
 b - 2 scrolls of teleportation
 g - a scroll of poison
 i - 2 scrolls of identify


   Skills:
 + Level 3.3 Fighting
 * Level 5.6 Polearms
 * Level 2.8 Throwing
 + Level 3.4 Dodging
 + Level 0.3 Stealth


You had 5 spell levels left.
You didn't know any spells.
Your spell library was empty.

Dungeon Overview and Level Annotations

Branches:
Dungeon (4/15)
 Temple: D:4-7

Altars:
Hepliaklqana
Wu Jian
Xom

Shops:
D:3 [[

Annotations:
D:3 3 runed translucent doors, reddragon77's ghost, amateur DEFE


Innate Abilities, Weirdness & Mutations

You are too large for most types of armour.
You have a pair of small horns on your head.
You have tough skin. (AC +1)
You gain doubled healing and magic from potions.
Whenever you drink a healing potion, you attack all around you.


Message History

The orc priest invokes the aid of Beogh against you.
Beogh smites you! The scorpion stings you.
You barely miss the scorpion.
The scorpion is severely wounded.
You feel very sick.
The scorpion stings you but does no damage.
You puncture the scorpion!
You kill the scorpion!
You feel sick.
The orc throws a boomerang.
The boomerang barely misses you.
You feel your dexterity returning.
You have reached level 6!
You feel stronger.
You rampage towards the orc!
You puncture the orc!
You kill the orc!
You feel sick.
Unknown command.
Something unexpectedly blocks you, preventing you from rampaging!
You barely miss something.
You feel sick.
You hear some strange, mumbled words.
You are confused.
You closely miss something.
You feel sick.
The orc priest looks braver for a moment.
Something hits you.
* * * LOW HITPOINT WARNING * * *
You aren't carrying any potions.
You are too confused!
You miss something. Your headbutt misses something.
You feel sick. Something hits you but does no damage.
You feel sick.
You aren't carrying any potions.
You barely miss something.
You feel sick.
The orc priest begins to cast a cantrip, but forgets the words!
You hear some strange, mumbled words.
You are more confused.
You're too confused to move!
You feel sick.
You are no longer poisoned.
An adder comes into view.
The orc priest invokes the aid of Beogh against you.
Beogh smites you!
You die...

▒∙▒ ▒▒▒▒▒▒▒▒▒▒▒ ▒∙▒
▒∙∙∙∙∙∙∙∙∙▒ ▒∙▒
▒∙▒▒▒▒▒▒▒∙▒ ▒∙▒ ▒∙▒
▒∙▒ ▒o▒ ▒∙▒ ▒∙▒ ▒∙▒ ∙▒
▒∙▒ ▒∙▒ ▒o▒ ∙∙∙ ▒∙▒
▒∙▒ ▒∙▒▒▒▒∙▒∙ ▒∙▒∙▒
▒∙▒ ▒O∙∙∙∙∙∙∙ ▒∙▒∙▒
▒∙▒ ▒∙∙∙∙∙∙∙∙ ▒∙▒∙▒
▒∙▒ ▒∙%∙∙∙∙∙< ▒∙▒∙▒
▒∙▒ ▒∙∙∙∙∙∙∙∙ ▒∙▒∙▒
▒∙▒ ▒∙▒▒▒▒∙▒▒ ▒∙▒∙▒
▒∙▒ ▒∙▒ ∙∙∙
▒∙▒∙▒▒▒∙▒∙▒▒▒▒∙▒▒▒▒▒▒▒
▒∙∙∙∙∙∙∙▒∙∙∙∙∙∙S∙∙∙∙∙∙
▒▒▒∙▒▒▒▒▒▒▒▒▒▒∙▒▒▒▒▒▒▒


You could see an orc priest, an adder (wandering) and an orc.

Vanquished Creatures
  2 scorpions
  Robin (D:2)
  5 adders
  2 dart slugs
  A ribbon worm (D:2)
  6 orcs
  4 ball pythons
  4 bats
  5 endoplasms
  5 giant cockroaches
  10 goblins
  12 hobgoblins
  3 quokkas
  4 rats
64 creatures vanquished.

Notes
Turn   | Place    | Note
-------+----------+-------------------------------------------
     0 | D:1      | Zeor the Oni Gladiator began the quest for the Orb.
     0 | D:1      | Reached XP level 1. HP: 22/22 MP: 1/1
   107 | D:1      | Reached XP level 2. HP: 29/29 MP: 2/2
   898 | D:2      | Noticed Robin
   908 | D:2      | Reached XP level 3. HP: 9/36 MP: 3/3
   934 | D:2      | Killed Robin
   935 | D:2      | Reached skill level 4 in Polearms
   937 | D:2      | Reached XP level 4. HP: 29/45 MP: 4/4
   984 | D:2      | Found a shimmering altar of Xom.
  1711 | D:3      | Found an ornate altar of the Wu Jian Council.
  1740 | D:3      | Noticed a scorpion
  1765 | D:3      | Killed a scorpion
  1766 | D:3      | Reached skill level 5 in Polearms
  1766 | D:3      | Reached XP level 5. HP: 5/53 MP: 5/5
  1974 | D:3      | Found Qurovaf's Armour Boutique.
  1981 | D:3      | Identified the +9 sling of the People {freeze, Int+3}
  2172 | D:3      | Found Resk's Antique Armour Shoppe.
  2186 | D:3      | Bought a shimmering robe for 153 gold pieces
  2186 | D:3      | Identified the +1 robe of the Trombone {rElec rC+ Slay+3
                  | Archmagi} (You bought it in a shop on level 3 of the
                  | Dungeon)
  2343 | D:3      | Found a runed translucent gate.
  2343 | D:3      | Found a runed translucent gate.
  2343 | D:3      | Found a runed translucent gate.
  2343 | D:3      | Noticed reddragon77's ghost (amateur DEFE)
  2428 | D:3      | Found a shimmering altar of Xom.
  2429 | D:3      | Found a hazy altar of Hepliaklqana.
  2429 | D:3      | Noticed an ogre
  2430 | D:3      | Noticed a spectral ugly thing
  2430 | D:3      | Noticed an ogre
  2464 | D:3      | Identified the amulet "Nysul" {Faith Rampage rElec Will-
                  | Stlth+}
  2695 | D:4      | Reached XP level 6. HP: 20/61 MP: 6/6
  2701 | D:4      | Killed from afar by an orc priest

Illustrated notes

Levels and vault maps discovered:
D:1:      dpeg_arrival_prison, layout_loops_corners, chequers_avenue
D:2:      layout_loops_ring, basic_altar, uniq_robin
D:3:      layout_basic, regret_index_temple_of_mockery,
          nicolae_wu_jian_wuxing_cycle, gammafunk_ghost_split, serial_shops,
          shop, shop
D:4:      layout_basic

Skill      XL: |  1  2  3  4 |
---------------+-------------+-----
Dodging        | 3 |  3.4
Polearms       | 4 5 |  5.6
Fighting       | 3 |  3.3
Throwing       | |  2.8
Stealth        | |  0.3

Action                     |  1- 3 |  4- 6 || total
---------------------------+-------+-------++-------
  Melee: Trident           |    68 |   110 ||   178
         Headbutt          |     6 |    16 ||    22
         Punch             |     1 |     1 ||     2
  Throw: Large rock        |     1 |     4 ||     5
    Use: Potion            |     2 |     3 ||     5
         Scroll            |     1 |     1 ||     2
   Stab: Sleeping          |     1 |     1 ||     2
 Armour: Robe              |    44 |    56 ||   100
         Skin              |       |    18 ||    18
  Dodge: Dodged            |    25 |    50 ||    75
